 Dungeon Crawl Stone Soup version 0.22-a0-417-g1387785 (webtiles) character file.

35 Borgoz the Grave Robber (level 3, 5/31 HPs)
             Began as a Deep Dwarf Necromancer on May 14, 2018.
             Quit the game on level 1 of the Dungeon.
             The game lasted 00:06:08 (933 turns).

Borgoz the Grave Robber (Deep Dwarf Necromancer)     Turns: 933, Time: 00:06:09

Health: 5/31       AC:  2    Str: 11    XL:     3   Next: 16%
Magic:  2/5        EV: 13    Int: 15    God:
Gold:   67         SH:  0    Dex: 14    Spells: 2/6 levels left

rFire    . . .     SeeInvis .   a - +0 hand axe
rCold    . . .     Gourm    .   (no shield)
rNeg     . . .     Faith    .   d - +0 robe
rPois    .         Spirit   .   (no helmet)
rElec    .         Reflect  .   (no cloak)
rCorr    .         Harm     .   (no gloves)
MR       .....                  (no boots)
Stlth    ++........             (no amulet)
HPRegen  0.00/turn              (no ring)
MPRegen  0.09/turn              (no ring)

@: non-regenerating
A: damage resistance, heal wounds, sense surroundings 1, no regeneration
a: Heal Wounds


You were on level 1 of the Dungeon.
You were hungry.

You visited 1 branch of the dungeon, and saw 2 of its levels.

You collected 67 gold pieces.

Inventory:

Hand Weapons
 a - a +0 hand axe (weapon)
 b - a +1 whip of flaming
Armour
 d - a +0 robe (worn)
Scrolls
 e - 2 scrolls of teleportation {unknown}
 g - a scroll of blinking {unknown}
 h - a scroll of enchant armour {unknown}
 i - 2 scrolls of noise {unknown}
 j - a scroll of immolation {unknown}
Potions
 f - a potion of cancellation {unknown}
 l - a potion of magic {unknown}
Comestibles
 c - 3 rations


   Skills:
 * Level 1.1 Fighting
 * Level 1.3 Axes
 + Level 0.6 Armour
 + Level 2.5 Dodging
 - Level 2.5 Stealth
 + Level 2.0 Spellcasting
 + Level 4.5 Necromancy


You had 2 spell levels left.
You knew the following spells:

 Your Spells              Type           Power        Failure   Level  Hunger
a - Pain                  Necr           ###.         3%          1    #......
b - Vampiric Draining     Necr           ###.......   11%         3    ###....

Your spell library contained the following spells:

 Spells                   Type           Power        Failure   Level  Hunger
 Animate Dead             Necr           N/A          34%         4    #####..
 Animate Skeleton         Necr           N/A          3%          1    #......
 Regeneration             Chrm/Necr      #.........   26%         3    ###....


Dungeon Overview and Level Annotations

Branches:
Dungeon (2/15)

Altars:


Innate Abilities, Weirdness & Mutations

You are resistant to damage.
You can heal yourself by infusing magical energy.
You passively map a small area around you.
You do not regenerate.


Message History

Your surroundings suddenly seem different.
Okay, then.
Unknown command.
Casting: Vampiric Draining (safe; 11% risk of failure)
Confirm with . or Enter, or press ? or * to list all spells.
You don't know that spell.
Casting: Vampiric Draining (safe; 11% risk of failure)
Confirm with . or Enter, or press ? or * to list all spells.
You don't know that spell.
Casting: Vampiric Draining (safe; 11% risk of failure)
Confirm with . or Enter, or press ? or * to list all spells.
You don't know that spell.
Casting: Vampiric Draining (safe; 11% risk of failure)
Confirm with . or Enter, or press ? or * to list all spells.
You don't have enough magic to cast that spell.
Done exploring.
Casting: Vampiric Draining (safe; 11% risk of failure)
Confirm with . or Enter, or press ? or * to list all spells.
You don't know that spell.
Are you sure you want to abandon this character and quit the game? (Confirm with "yes".)

.........# #.# #..# ###
.........###'####.## #..
..................# #.#
..................# #.#
#.................# #.#
..................# #.#
.(.....##.........# #.#
.......##.........# #(#
.......##.......@.# #########.#
.......##.........# #.........#
...)....'.........# #.##.....##
.......##.........# #.##.....##
.......##(........#####.##.......
#......#########(..............##
#......# #...............#
#......# #...........##.###
#####.># #.........####+###


There were no monsters in sight!

Vanquished Creatures
  A gnoll (D:1)
  2 giant cockroaches (D:1)
  3 hobgoblins (D:1)
  5 jackals (D:1)
  A ball python (D:1)
  4 bats (D:1)
  A frilled lizard (D:1)
  2 goblins (D:1)
  3 kobolds
  2 rats (D:1)
24 creatures vanquished.

Notes
Turn   | Place    | Note
-------+----------+-------------------------------------------
     0 | D:1      | Borgoz the Deep Dwarf Necromancer began the quest for the Orb.
     0 | D:1      | Reached XP level 1. HP: 15/15 MP: 3/3
   280 | D:1      | Reached XP level 2. HP: 14/22 MP: 4/4
   525 | D:1      | Reached skill level 1 in Axes
   802 | D:1      | Reached skill level 1 in Fighting
   802 | D:1      | Reached XP level 3. HP: 10/31 MP: 1/5
   809 | D:1      | Learned a level 3 spell: Vampiric Draining
   933 | D:1      | Quit the game

Vault maps used:
D:1:      doesnt_arrival_eight_statues
D:2:      minmay_roachtagon, grunt_ministairs_12

Skill      XL: |  1  2 |
---------------+-------+-----
Axes           | 1 |  1.3
Fighting       | 1 |  1.1
Spellcasting   | 2 |  2.0
Armour         | |  0.6
Dodging        | |  2.5
Stealth        | |  2.5
Necromancy     | |  4.5

Action                   || total
-------------------------++-------
Melee: Unarmed           ||    16
       Hand axe          ||    45
 Cast: Pain              ||    21
       Vampiric Draining ||     2
 Abil: Heal Wounds       ||     1
 Stab: Sleeping          ||     2
Armor: Robe              ||    17
Dodge: Dodged            ||    63

Table legend:
 A = Spawn XP
 B = Non-spawn XP
 C = Spawn XP percentage of total XP
 D = Spawn monster count
 E = Non-spawn monster count
 F = Spawn count percentage of total count
 G = Total turns spent on level
                    A         B        C        D         E        F      G
               +---------+---------+-------+---------+---------+-------+---------
         Total |       0 |      50 |   0.0 |       0 |      24 |   0.0 |   933
               +---------+---------+-------+---------+---------+-------+---------
           D:1 |       0 |      49 |   0.0 |       0 |      23 |   0.0 |   899
           D:2 |       0 |       1 |   0.0 |       0 |       1 |   0.0 |    34
               +---------+---------+-------+---------+---------+-------+---------
